 Dungeon Crawl Stone Soup version 0.31-a0-441-g867994ef1c (webtiles) character file.

Game seed: 7459939773443426032

65 randomguy2701 the Trooper (level 4, 0/41 HPs)
             Began as a Hill Orc Fighter on Aug 2, 2023.
             Slain by Robin
             ... wielding a +0 short sword
              (2 damage)
             ... on level 2 of the Dungeon.
             The game lasted 00:01:03 (756 turns).

randomguy2701 the Trooper (Hill Orc Fighter)         Turns: 756, Time: 00:01:03

Health: 0/41       AC:  7    Str: 18    XL:     4   Next: 13%
Magic:  4/4        EV:  9    Int:  8    God:
Gold:   97         SH:  4    Dex: 12    Spells: 3/3 levels left

rFire   . . .        a - +0 war axe
rCold   . . .        c - +0 buckler
rNeg    . . .        b - +0 scale mail
rPois   .            (no helmet)
rElec   .            (no cloak)
rCorr   .            (no gloves)
SInv    .            (no boots)
Will    .....        (no amulet) Stlth
                     (no ring)
HPRegen 0.26/turn    (no ring)
MPRegen 0.09/turn

%: no passive effects
@: no status effects
A: no striking features
a: no special abilities


You were on level 2 of the Dungeon.
You visited 1 branch of the dungeon, and saw 2 of its levels.

You collected 97 gold pieces.

Inventory:

Hand Weapons
 a - a +0 war axe (weapon)
Armour
 b - a +0 scale mail (worn)
 c - a +0 buckler (worn)
Scrolls
 e - 2 scrolls of identify {unknown}
 g - a scroll of butterflies {unknown}
 k - a scroll of teleportation {unknown}
Potions
 d - a potion of might
 f - a potion of magic {unknown}
 h - a potion of resistance {unknown}
 i - a potion of mutation {unknown}
 j - a potion of curing {unknown}


   Skills:
 + Level 4.3 Fighting
 + Level 3.8 Axes
 + Level 3.8 Armour
 + Level 0.2 Dodging
 + Level 3.7 Shields


You had 3 spell levels left.
You didn't know any spells.
Your spell library was empty.

Dungeon Overview and Level Annotations

Branches:
Dungeon (2/15)

Altars:

Annotations:
D:2 Jessica, Robin


Message History

You kill the hobgoblin!
You closely miss Robin.
Jessica casts a spell.
Jessica blinks!
Robin misses you. Robin hits you but does no damage.
You hit Robin.
Robin is lightly wounded.
Robin hits you with a +0 short sword.
You barely miss Robin.
Robin is lightly wounded.
Robin hits you but does no damage.
Jessica gestures wildly while chanting.
Jessica blinks!
Robin barely misses you.
You hit Robin.
Robin is moderately wounded.
Jessica points at you and mumbles some strange words.
Pain shoots through your body! Robin hits you with a +0 short sword.
You closely miss Robin.
Robin is moderately wounded.
You closely miss Jessica. Jessica casts a spell at you.
Pain shoots through your body!
* * * LOW HITPOINT WARNING * * *
Jessica hits you with a +0 dagger.
* * * LOW HITPOINT WARNING * * *
Robin hits you but does no damage.
You hit Robin but do no damage.
Robin is moderately wounded.
You slash Jessica!
Jessica points at you and mumbles some strange words.
You barely resist. Robin barely misses you.
Jessica hits you but does no damage.
You barely miss Robin.
Robin is moderately wounded.
You barely miss Jessica. You block Jessica's attack.
Robin hits you with a +0 short sword.
* * * LOW HITPOINT WARNING * * *
Jessica hits you with a +0 dagger.
* * * LOW HITPOINT WARNING * * *
Robin hits you with a +0 short sword.
You die...

#........... #.#......... #####
#.#.###..... #...#
#####.#.#....#.# ###.#.#
#.....#...#..#.# .....#
#.....########.# #####...#
#...............
#.##$......######.....##########
.....##.:.....g@@.....'........†
######.....#######.....#########.
..........## #.....# #.
...#..?.g.# ####### #.
.......#..# #. ..........# #.
(...g.###... ###. ...g#. #####
#[.. ...... #.#.


You could see Robin and Jessica (fast).

Vanquished Creatures
  A worm (D:2)
  A dart slug (D:1)
  6 endoplasms
  4 giant cockroaches
  10 goblins
  10 hobgoblins
  6 jackals
  A quokka (D:2)
  5 ball pythons (D:1)
  4 kobolds
  3 rats
51 creatures vanquished.

Notes
Turn   | Place    | Note
-------+----------+-------------------------------------------
     0 | D:1      | randomguy2701 the Hill Orc Fighter began the quest for the
                  | Orb.
     0 | D:1      | Reached XP level 1. HP: 19/19 MP: 1/1
    32 | D:1      | Reached skill level 4 in Fighting
    34 | D:1      | Reached XP level 2. HP: 21/27 MP: 2/2
   309 | D:1      | Reached XP level 3. HP: 23/33 MP: 3/3
   707 | D:2      | Noticed Robin
   708 | D:2      | Noticed Jessica
   738 | D:2      | Reached XP level 4. HP: 36/40 MP: 4/4
   756 | D:2      | HP: 2/41 [Jessica/+0 dagger (2)]
   756 | D:2      | Slain by Robin

Illustrated notes

Levels and vault maps discovered:
D:1:      minmay_arrival_nine_rooms, layout_rooms
D:2:      layout_basic, uniq_crazy_yiuf_cottage, uniq_sigmund, uniq_jessica,
          uniq_robin

Skill      XL: |  1  2 |
---------------+-------+-----
Fighting       | 4 |  4.3
Axes           | 3 |  3.8
Armour         | |  3.8
Dodging        | |  0.2
Shields        | |  3.7

Action                     |  1- 3 |  4- 6 || total
---------------------------+-------+-------++-------
  Melee: War axe           |   100 |    19 ||   119
 Armour: Scale mail        |    54 |    11 ||    65
  Dodge: Dodged            |    59 |     6 ||    65
  Block: Buckler           |    24 |     4 ||    28

Table legend: (Time is in decaauts)
 A = Elapsed time spent in this place.
 B = Non-inter-level travel time spent in this place.
 C = Inter-level travel time spent in this place.
 D = Time resting spent in this place.
 E = Time spent auto-exploring this place.
 F = Levels seen in this place.
 G = Mean time per level.
                   A        B        C        D        E       F      G
               +--------+--------+--------+--------+--------+-----+--------+
         Total |    798 |    791 |      7 |      0 |    531 |   2 |  399.0 |
       Dungeon |    798 |    791 |      7 |      0 |    531 |   2 |  399.0 |
               +--------+--------+--------+--------+--------+-----+--------+

Top non-repeatable levels by time:
     D:1: 607 daAuts
     D:2: 191 daAuts
